 Dungeon Crawl Stone Soup version 0.31-a0-202-g547052bce9 (webtiles) character file.

Game seed: 14885553108742439308

107 qw the Skirmisher (level 4, -4/25 HPs)
             Began as a Deep Elf Hunter on June 26, 2023.
             Slain by an ice beast (11 damage)
             ... on level 3 of the Dungeon.
             The game lasted 00:00:43 (1818 turns).

qw the Skirmisher (Deep Elf Hunter)                 Turns: 1818, Time: 00:00:44

Health: -4/25      AC:  8    Str: 10    XL:     4   Next: 57%
Magic:  6/6        EV: 11    Int: 14    God:
Gold:   94         SH:  0    Dex: 18    Spells: 3/3 levels left

rFire   . . .        Y - +0 shortbow
rCold   . . .        (shield currently unavailable)
rNeg    + . .        e - +0 ring mail
rPois   .            (helmet restricted)
rElec   .            j - +0 cloak
rCorr   .            (no gloves)
SInv    .            (no boots)
Will    .....        (no amulet)
Stlth   +            f - ring of positive energy
HPRegen 0.24/turn    (no ring)
MPRegen 0.10/turn

%: no passive effects
@: no status effects
A: horns 1, iridescent scales 1
a: no special abilities


You were on level 3 of the Dungeon.
You visited 1 branch of the dungeon, and saw 3 of its levels.

You collected 94 gold pieces.


Innate Abilities, Weirdness & Mutations

You have a pair of small horns on your head.
You are partially covered in iridescent scales. (AC +2)


   Skills:
 - Level 1.5 Fighting
 + Level 8.0 Ranged Weapons
 - Level 2.4 Dodging
 - Level 1.2 Stealth


You had 3 spell levels left.
You didn't know any spells.
Your spell library was empty.

Inventory:

Hand Weapons
 Y - a +0 shortbow (weapon)
Armour
 e - a +0 ring mail (worn)
 j - a +0 cloak (worn)
Jewellery
 f - a ring of positive energy (left hand)
Scrolls
 a - 2 scrolls of identify
 d - a scroll of amnesia {unknown}
Potions
 b - a potion of mutation
 c - a potion of degeneration {unknown}
 g - 4 potions of enlightenment
 h - a potion of haste {unknown}
 i - a potion of curing

Dungeon Overview and Level Annotations

Branches:
Dungeon (3/15)

Altars:


Message History

You shoot an arrow. The arrow hits the ice beast.
The ice beast is lightly wounded.
You shoot an arrow. The arrow hits the ice beast.
The ice beast is lightly wounded.
A goblin comes into view. It is wielding a +0 dagger.
You see here a +0 flail.
Enter note:
Enter note: You shoot an arrow.
The arrow closely misses the ice beast.
You shoot an arrow. The arrow barely misses the ice beast.
The arrow hits the goblin!
You kill the goblin!
The ice beast barely misses you. x2
You shoot an arrow. The arrow closely misses the ice beast.
The ice beast closely misses you.
You shoot an arrow. The arrow hits the ice beast.
The ice beast is lightly wounded.
The ice beast hits you but does no damage.
You shoot an arrow. The arrow hits the ice beast!
The ice beast is heavily wounded.
The ice beast hits you but does no damage.
You shoot an arrow. The arrow hits the ice beast.
The ice beast is severely wounded.
The ice beast barely misses you.
You shoot an arrow. The arrow hits the ice beast.
The ice beast is severely wounded.
The ice beast hits you. The ice beast freezes you!
You shoot an arrow. The arrow hits the ice beast.
The ice beast is almost dead.
The ice beast closely misses you.
You shoot an arrow. The arrow closely misses the ice beast.
The ice beast barely misses you.
You shoot an arrow.
The arrow hits the ice beast but does no damage.
The ice beast is almost dead.
The ice beast barely misses you. The ice beast hits you.
The ice beast freezes you.
You shoot an arrow. The arrow barely misses the ice beast.
The ice beast hits you. The ice beast freezes you!
You die...

##..# ### ...# .
..# .#.# .# ...
..# ..# #.# ..#
##). #.# #.# #...
#.# #.# ..#
###.#####.###Y#
####...........@.#
#......^##.##.##.#
#.##.#..#####.# ##
##.##.#.<# #.#
.....)...# #.#
##.##.##.# #.#
...##.##.# #.#
##.......# #.#
....### #.#


You could see an ice beast.

Vanquished Creatures
  An orc wizard (D:3)
  2 adders
  A worm (D:2)
  2 dart slugs
  3 orcs (D:3)
  7 endoplasms
  3 giant cockroaches
  6 goblins
  7 hobgoblins
  3 kobolds
  2 quokkas (D:1)
  A ball python (D:1)
  6 bats
  A frilled lizard (D:3)
  5 rats (D:1)
50 creatures vanquished.

Notes
Turn   | Place    | Note
-------+----------+-------------------------------------------
     0 | D:1      | qw the Deep Elf Hunter began the quest for the Orb.
     0 | D:1      | Reached XP level 1. HP: 12/12 MP: 3/3
     0 | D:1      | 0 ||| qw: Version: 0.3-a-22-g0ed2b0b
     0 | D:1      | 0 ||| qw: Game counter: 6274
     0 | D:1      | 0 ||| qw: Melee chars always use a shield: true
     0 | D:1      | 0 ||| qw: God list: Okawaru
     0 | D:1      | 0 ||| qw: Allow faded altars: false
     0 | D:1      | 0 ||| qw: Do Orc after clearing Dungeon:15 true
     0 | D:1      | 0 ||| qw: Do second Lair branch before Depths: true
     0 | D:1      | 0 ||| qw: Lair rune preference: random
     0 | D:1      | 0 ||| qw: Goals: Normal
     0 | D:1      | 0 ||| PLANNING D:1-11
   110 | D:1      | Reached skill level 6 in Ranged Weapons
   110 | D:1      | Reached XP level 2. HP: 13/16 MP: 4/4
   422 | D:1      | Reached XP level 3. HP: 20/20 MP: 5/5
   618 | D:1      | Found a faded altar of an unknown god.
   798 | D:1      | 798 ||| UPGRADING to +0 ring mail.
   808 | D:1      | 808 ||| DROPPING +0 leather armour.
   809 | D:1      | 809 ||| UPGRADING to +0 cloak.
   814 | D:1      | 814 ||| READING scroll labelled HOXUNI QOZEKIA.
   817 | D:1      | 817 ||| READING scroll labelled RUMIGU HEAX.
   818 | D:1      | 818 ||| READING scroll labelled SUWKOL CAVIZIM.
   819 | D:1      | 819 ||| DRINKING 2 gluggy blue potions.
   820 | D:1      | 820 ||| DROPPING scroll of butterflies.
  1024 | D:2      | Reached skill level 7 in Ranged Weapons
  1521 | D:2      | 1521 ||| UPGRADING to +0 helmet.
  1526 | D:2      | 1526 ||| READING scroll labelled FILURCH OSUGEHA.
  1526 | D:2      | Identified a scroll of acquirement
  1526 | D:2      | 1526 ||| ACQUIRING ring of positive energy
  1526 | D:2      | Acquired a ring of positive energy
  1528 | D:2      | 1528 ||| UPGRADING to ring of positive energy.
  1529 | D:2      | 1529 ||| READING scroll labelled YNIOS ORAERGH.
  1530 | D:2      | 1530 ||| DRINKING 2 glowing orange potions.
  1530 | D:2      | Gained mutation: You have a pair of small horns on your
                  | head. [potion of mutation]
  1530 | D:2      | Gained mutation: You are partially covered in iridescent
                  | scales. (AC +2) [potion of mutation]
  1531 | D:2      | 1531 ||| DROPPING +0 helmet.
  1532 | D:2      | 1532 ||| DRINKING 2 bubbling purple potions.
  1580 | D:2      | 1580 ||| DRINKING 2 golden potions.
  1581 | D:2      | 1581 ||| DROPPING potion of lignification.
  1644 | D:3      | 1644 ||| FLEEEEING.
  1649 | D:3      | 1649 ||| STAIRDANCE
  1734 | D:3      | Reached XP level 4. HP: 25/25 MP: 6/6
  1754 | D:3      | Identified the +6 long sword of Muleik {flame, rCorr Int+3}
  1784 | D:3      | Reached skill level 8 in Ranged Weapons
  1803 | D:3      | Noticed an ice beast
  1818 | D:3      | Slain by an ice beast

Levels and vault maps discovered:
D:1:      mushboom_english_gardens, layout_basic,
          shapermc_ecumenical_altar_notcrosses, serial_rivers,
          chequers_serial_rivers_micro_e, chequers_serial_rivers_small_a,
          chequers_serial_rivers_micro_b, chequers_serial_rivers_room_a,
          chequers_serial_rivers_micro_d, chequers_serial_rivers_large_b,
          minmay_tromino_i4
D:2:      layout_loops_cross
D:3:      layout_loops_ring, serial_aquarium, aquarium_bridge_square
          [aquarium_subvault_wall, aquarium_subvault_bridge,
          aquarium_subvault_bridge, aquarium_subvault_wall],
          aquarium_bridge_square [aquarium_subvault_wall,
          aquarium_subvault_window, aquarium_subvault_bridge,
          aquarium_subvault_bridge], aquarium_window_fake,
          aquarium_window_corridor_1, aquarium_window_1, aquarium_window_fake,
          aquarium_view_2c, aquarium_view_2d, aquarium_pool_four,
          minmay_misc_feat_tiny

Skill      XL: |  1  2  3  4 |
---------------+-------------+-----
Ranged Weapons | 6 7 8 |  8.0
Fighting       | |  1.5
Dodging        | |  2.4
Stealth        | |  1.2

Action                     |  1- 3 |  4- 6 || total
---------------------------+-------+-------++-------
   Fire: Shortbow          |   118 |    36 ||   154
    Use: Scroll            |     5 |       ||     5
         Potion            |     4 |       ||     4
 Armour: Leather armour    |    10 |       ||    10
         Ring mail         |    10 |     7 ||    17
  Dodge: Dodged            |    25 |    19 ||    44

Table legend:
 A = Non-vault XP
 B = Vault XP
 C = Vault XP percentage of total XP
 D = Non-vault monster count
 E = Vault monster count
 F = Vault count percentage of total count
                 A         B        C        D         E       F
            +---------+---------+-------+---------+---------+-------
      Total |     148 |       6 |   3.9 |      47 |       3 |   6.0
            +---------+---------+-------+---------+---------+-------
        D:1 |      51 |       6 |  10.5 |      28 |       3 |   9.7
        D:2 |      31 |       0 |   0.0 |      10 |       0 |   0.0
        D:3 |      66 |       0 |   0.0 |       9 |       0 |   0.0
            +---------+---------+-------+---------+---------+-------
